 Dungeon Crawl Stone Soup version 0.30-a0-42-g806c11bf1d (webtiles) character file.

Game seed: 9073245577127651121

84 porpoise the Sneak (level 4, 0/35 HPs)
             Began as a Human Brigand on Aug 31, 2022.
             Slain by a gnoll
             ... wielding a +0 flail
              (8 damage)
             ... on level 3 of the Dungeon.
             The game lasted 00:08:51 (2967 turns).

porpoise the Sneak (Human Brigand)                  Turns: 2967, Time: 00:08:52

Health: 0/35       AC:  6    Str: 12    XL:     4   Next: 74%
Magic:  4/4        EV: 10    Int: 11    God:
Gold:   122        SH:  0    Dex: 16    Spells: 3/3 levels left

rFire   . . .      SeeInvis .    a - +2 dagger
rCold   + . .      Faith    .    (no shield)
rNeg    . . .      Spirit   .    v - +0 ring mail
rPois   .          Reflect  .    (no helmet)
rElec   .          Harm     .    c - +0 cloak
rCorr   .          Rampage  .    (no gloves)
Will    .....                    (no boots)
Stlth   ++........               (no amulet)
HPRegen 0.11/turn                m - ring of protection from cold
MPRegen 0.09/turn                (no ring)

@: no status effects
A: no striking features
a: no special abilities


You were on level 3 of the Dungeon.
You visited 1 branch of the dungeon, and saw 3 of its levels.

You collected 122 gold pieces.

Inventory:

Hand Weapons
 a - a +2 dagger (weapon)
 b - a +1 short sword of speed
Missiles
 d - 13 poisoned darts (quivered)
 e - 3 curare-tipped darts
 t - 4 boomerangs
Armour
 c - a +0 cloak (worn)
 v - a +0 ring mail (worn)
Jewellery
 m - a ring of protection from cold (left hand)
 q - an amulet of faith
Wands
 w - a wand of paralysis (6)
Scrolls
 i - a scroll of enchant weapon {unknown}
 j - 2 scrolls of noise {unknown}
 k - 2 scrolls of identify {unknown}
 l - 2 scrolls of summoning {unknown}
 n - a scroll of magic mapping {unknown}
 o - 2 scrolls of teleportation {unknown}
 r - a scroll of fear {unknown}
 u - a scroll of brand weapon {unknown}
 x - a scroll of torment {unknown}
 y - a scroll of immolation {unknown}
 z - a scroll of amnesia {unknown}
Potions
 f - 2 potions of heal wounds {unknown}
 g - a potion of might {unknown}
 h - a potion of mutation {unknown}
 p - a potion of curing {unknown}
 s - a potion of brilliance {unknown}
 A - a potion of flight {unknown}


   Skills:
 + Level 3.0 Fighting
 + Level 3.0 Short Blades
 - Level 2.0 Throwing
 - Level 1.0 Dodging
 + Level 4.7 Stealth


You had 3 spell levels left.
You didn't know any spells.
Your spell library was empty.

Dungeon Overview and Level Annotations

Branches:
Dungeon (3/15)

Altars:


Message History

The giant cockroach closely misses you.
You hit the giant cockroach.
You kill the giant cockroach!
You start resting.
HP restored.
z - a scroll labelled QISAUN ZOAGO
Things that are here:
a +0 club; a kobold corpse You now have 122 gold pieces (gained 8).
A - a bubbling green potion A kobold comes into view.
It is wielding a +0 short sword.
The helpless kobold fails to defend itself.
You impale the kobold!!
You kill the kobold!
Things that are here:
a +0 short sword; a stone; a kobold corpse A goblin comes into view.
It is wielding a +0 club.
Found a scroll labelled DUSEOM GUEST. 2 gnolls come into view.
The gnoll shouts!
The gnoll moves out of view.
You hear a shout!
The goblin shouts!
A frilled lizard and 2 gnolls come into view.
The gnoll shouts!
The frilled lizard hisses angrily.
The gnoll completely misses you.
You hit the gnoll.
The gnoll is lightly wounded.
The gnoll closely misses you. The gnoll hits you with a +0 flail.
The gnoll hits you from afar with a +0 spear.
A rat comes into view.
You hit the gnoll.
The gnoll is moderately wounded.
The gnoll closely misses you. The gnoll barely misses you.
The gnoll hits you from afar with a +0 spear!
The goblin barely misses you. The gnoll hits you with a +0 flail.
The gnoll attacks as you move away! The gnoll hits you with a +0 club.
The gnoll attacks as you move away! The gnoll hits you with a +0 flail!
* * * LOW HITPOINT WARNING * * *
The gnoll attacks as you move away! The gnoll hits you with a +0 flail!
You die...

#.......... ##
#.......... . ##.)......
#. ## .###...##...... .
#.##. #...#.#..#..... #.
#.#.? #.###.##.##.... ...
#..#.##.#..##..##....
....#..##.)#..#..##...###
.r.....#@#.#.###[##.....#
......g#g#.##.#..#......#
#.l.gg#.# ..##........
#..g#.##. .#.###......
##.......###.........#
.............).†.....#
...........#######....#
########.##...#####....#
.# .............


You could see 3 gnolls and a goblin.

Vanquished Creatures
  2 adders
  4 worms (D:2)
  A dart slug (D:3)
  8 endoplasms
  3 giant cockroaches
  3 goblins
  5 hobgoblins
  2 quokkas
  2 ball pythons
  7 bats
  9 kobolds
  4 rats (D:1)
50 creatures vanquished.

Vanquished Creatures (others)
  36 plants (D:2)
36 creatures vanquished.

Grand Total: 86 creatures vanquished

Notes
Turn   | Place    | Note
-------+----------+-------------------------------------------
     0 | D:1      | porpoise the Human Brigand began the quest for the Orb.
     0 | D:1      | Reached XP level 1. HP: 16/16 MP: 1/1
   252 | D:1      | Reached XP level 2. HP: 13/22 MP: 2/2
   721 | D:1      | Found a faded altar of an unknown god.
   785 | D:1      | Reached XP level 3. HP: 25/28 MP: 3/3
  1649 | D:2      | Reached XP level 4. HP: 34/34 MP: 4/4
  2967 | D:3      | Slain by a gnoll

Illustrated notes

Levels and vault maps discovered:
D:1:      minmay_arrival_cross, layout_basic, basic_ecumenical_altar
D:2:      layout_loops_ring, serial_bayou_lagoon_a, nrook_mini_vaults,
          st_stairs_8, minmay_cupped
D:3:      layout_basic, minmay_pentomino_pile

Skill      XL: |  1  2  3  4 |
---------------+-------------+-----
Fighting       | 3 |  3.0
Short Blades   | 3 |  3.0
Throwing       | |  2.0
Dodging        | |  1.0
Stealth        | |  4.7

Action                   |  1- 3 |  4- 6 || total
-------------------------+-------+-------++-------
Melee: Dagger            |   114 |    75 ||   189
       Punch             |     2 |     1 ||     3
       Short sword       |     4 |    14 ||    18
 Stab: Sleeping          |     7 |     1 ||     8
Armor: Robe              |    21 |       ||    21
       Ring mail         |       |    27 ||    27
Dodge: Dodged            |    57 |    31 ||    88

Table legend: (Time is in decaauts)
 A = Elapsed time spent in this place.
 B = Non-inter-level travel time spent in this place.
 C = Inter-level travel time spent in this place.
 D = Time resting spent in this place.
 E = Time spent auto-exploring this place.
 F = Levels seen in this place.
 G = Mean time per level.
                   A        B        C        D        E       F      G
               +--------+--------+--------+--------+--------+-----+--------+
         Total |   2946 |   2896 |     50 |   1089 |   1232 |   3 |  982.0 |
       Dungeon |   2946 |   2896 |     50 |   1089 |   1232 |   3 |  982.0 |
               +--------+--------+--------+--------+--------+-----+--------+

Top non-repeatable levels by time:
     D:1: 1512 daAuts
     D:2: 1254 daAuts
     D:3: 179 daAuts
